Map: Altitude LE

Players

A.I. 1 (Very Easy)

  • Race: Terran Terran
  • Spawn Location: 7:00

DakkoN - Winner!

  • Race: Zerg Zerg
  • League: Master
  • Spawn Location: 1:00

VOD

Have the link to the VOD?

Description

Time

  • Played on: Feb. 28, 2023, 2:44 p.m.
  • Length: 7:51
Show
View Real Time Build Order
Export as new Build Order

A.I. 1 (Very Easy) Terran 

Build Orders:  

Get SALT Encoding   

  12  0:00  SCV  
  13  0:13  SCV  
  14  0:19  Supply Depot  
  14  0:37  Refinery  
  14  0:42  Barracks  
  14  1:02  Supply Depot  
  14  1:12  Refinery  
  14  1:30  SCV, Marine  
  16  1:42  SCV  
  17  1:54  SCV  
  18  2:04  Marine  
  18  2:06  SCV  
  20  2:18  SCV  
  21  2:30  SCV  
  22  2:38  Marine  
  22  2:43  Orbital Command  
  23  4:22  SCV  
  23  5:53  SCV  
  23  5:54  Marine  
  23  5:55  Supply Depot  
  25  5:57  Factory  
  25  6:17  SCV  
  26  6:20  Supply Depot  
  26  6:27  Barracks Tech Lab  
  26  6:29  SCV  
  24  6:41  SCV  
  24  6:44  Starport  
  24  6:45  Marine  
  26  6:53  SCV  
  25  7:05  SCV  
  24  7:17  SCV  
  24  7:18  Marine  
  24  7:22  Starport Tech Lab  
  26  7:29  SCV  
Show
View Real Time Build Order
Export as new Build Order

DakkoN Zerg - Winner!

Build Orders: Hatch First 

Get SALT Encoding   

  12  0:00  Drone  
  13  0:11  Overlord  
  13  0:17  Drone  
  14  0:29  Drone x2  
  16  0:48  Hatchery  
  15  0:51  Drone  
  15  0:55  Drone  
  17  0:59  Drone  
  18  1:10  Extractor  
  17  1:14  Spawning Pool  
  16  1:20  Drone  
  16  1:21  Drone  
  18  1:27  Drone  
  19  1:37  Drone  
  20  1:48  Drone  
  21  2:00  Queen  
  21  2:01  Queen  
  25  2:02  Zergling x2  
  25  2:03  Zergling x2  
  27  2:15  Drone  
  28  2:19  Hatchery  
  27  2:25  Overlord  
  27  2:27  Drone  
  28  2:31  Metabolic Boost  
  28  2:43  Queen, Drone  
  31  2:44  Drone  
  31  2:47  Drone  
  31  2:49  Drone  
  34  2:51  Drone  
  34  2:56  Overlord  
  35  2:59  Drone  
  36  3:11  Overlord  
  36  3:16  Drone x6  
  36  3:18  Drone  
  43  3:25  Drone  
  44  3:33  Drone x2  
  46  3:36  Drone  
  46  3:38  Drone  
  46  3:41  Drone x3  
  51  3:42  Drone  
  51  3:44  Queen  
  51  3:47  Drone  
  55  3:49  Drone  
  55  3:51  Overlord  
  55  3:53  Overlord  
  55  3:55  Drone x2  
  58  4:04  Hatchery  
  58  4:09  Drone  
  58  4:11  Drone x4  
  58  4:15  Extractor  
  58  4:16  Extractor  
  60  4:17  Drone x3  
  60  4:18  Extractor  
  60  4:20  Drone x4  
  66  4:28  Drone x2  
  66  4:30  Extractor  
  67  4:32  Extractor  
  66  4:39  Drone  
  66  4:40  Drone x4  
  71  4:46  Overlord  
  71  4:53  Drone x3  
  71  4:59  Overlord  
  74  5:00  Overlord x2  
  74  5:12  Drone  
  75  5:14  Drone  
  76  5:23  Roach Warren, Drone  
  76  5:25  Overlord  
  76  5:26  Overlord x2  
  76  5:29  Overlord x3  
  76  5:30  Overlord  
  76  5:33  Overlord  
  76  5:40  Hatchery, Drone  
  76  5:52  Overlord x3  
  76  6:02  Roach x8  
  76  6:03  Roach x7  
  106  6:05  Roach  
  106  6:07  Lair  
  108  6:12  Roach x6  
  108  6:13  Roach x2  
  124  6:19  Roach  
  124  6:20  Roach x5, Queen  
  138  6:27  Roach x3  
  138  6:28  Roach  
  148  6:40  Roach x8  
  148  6:42  Roach  
  148  6:44  Roach  
  166  6:49  Roach  
  166  6:50  Roach x3  
  166  6:52  Roach  
  178  6:54  Roach  
  178  7:06  Roach  
  178  7:07  Roach x7  
  194  7:10  Roach x2  
  194  7:12  Roach  
  200  7:19  Overlord x2  
  200  7:20  Overlord  
Tags
 
League
Master
Matchup
TvZ
Spawn Locations
Cross Positions
Add a new tag
Caveats
  • Supply blocks, unpowered buildings, or Contaminate may cause inaccurate times.
  • Supply counts are checked every 10 seconds.